 Seeded DCSS version 0.29.1-13-g9f3cf754e1 (webtiles) character file.

Game seed: 10893759658856429740 (custom seed)

833 retardedninja the Trooper (level 7, -6/63 HPs)
             Began as a Minotaur Fighter on Jan 26, 2023.
             Mangled by an ogre
             ... wielding a +0 giant club
              (29 damage)
             ... on level 4 of the Dungeon.
             The game lasted 00:04:46 (4636 turns).

retardedninja the Trooper (Minotaur Fighter)        Turns: 4636, Time: 00:04:46

Health: -6/63      AC:  8    Str: 23    XL:     7   Next: 65%
Magic:  6/6        EV:  9    Int:  5    God:
Gold:   202        SH:  5    Dex:  9    Spells: 6/6 levels left

rFire   . . .      SeeInvis .   a - +1 war axe
rCold   . . .      Faith    .   c - +0 buckler
rNeg    . . .      Spirit   .   b - +0 scale mail
rPois   .          Reflect  .   (helmet restricted)
rElec   .          Harm     .   (no cloak)
rCorr   .          Rampage  .   (no gloves)
Will    .....                   i - +0 pair of boots
Stlth   ..........              (no amulet)
HPRegen 0.20/turn               (no ring)
MPRegen 0.10/turn               (no ring)

@: no status effects
A: horns 2, retaliatory headbutt
a: no special abilities


You were on level 4 of the Dungeon.
You visited 1 branch of the dungeon, and saw 5 of its levels.
You also visited: Ossuary.

You collected 202 gold pieces.

Inventory:

Hand Weapons
 a - a +1 war axe (weapon)
Missiles
 m - a throwing net (quivered)
Armour
 b - a +0 scale mail (worn)
 c - a +0 buckler (worn)
 e - a +0 pair of gloves
 i - a +0 pair of boots (worn)
Wands
 l - a wand of iceblast (7)
 t - a wand of light (7)
Scrolls
 p - a scroll of teleportation
 r - 2 scrolls of silence {unknown}
Potions
 d - 2 potions of might
 f - a potion of cancellation {unknown}
 g - 2 potions of heal wounds
 h - a potion of lignification {unknown}
 j - 3 potions of curing
 k - 2 potions of attraction {unknown}
 n - a potion of flight {unknown}
 o - a potion of brilliance {unknown}
 q - a potion of haste {unknown}


   Skills:
 + Level 6.3 Fighting
 + Level 5.7 Axes
 + Level 6.3 Armour
 + Level 6.3 Shields


You had 6 spell levels left.
You didn't know any spells.
Your spell library contained the following spells:

 Spells                   Type           Power      Damage    Failure   Level
 Freeze                   Ice            0%         1d3       85%         1
 Magic Dart               Conj           0%         1d3       85%         1
 Call Imp                 Summ           0%         N/A       94%         2
 Frozen Ramparts          Ice            0%         1d1       99%         3
 Inner Flame              Hex/Fire       0%         N/A       99%         3
 Mephitic Cloud           Conj/Pois/Air  0%         N/A       99%         3
 Cause Fear               Hex            0%         N/A       100%        4
 Hailstorm                Conj/Ice       0%         3d3       100%        4
 Discord                  Hex            0%         N/A       100%        8


Dungeon Overview and Level Annotations

Branches:
Dungeon (5/15)            Ossuary (visited)
 Temple: D:4-7

Altars:
Nemelex Xobeh
Vehumet
Xom


Innate Abilities, Weirdness & Mutations

You have a pair of horns on your head.
You reflexively headbutt those who attack you in melee.


Message History

You kill the kobold!
Things that are here:
a +0 short sword; a kobold corpse Key pressed, stopping explore.
No target in view!
Key pressed, stopping explore.
No target in view!
There is a fountain of clear blue water here.
Key pressed, stopping explore.
No target in view!
Key pressed, stopping explore.
You now have 202 gold pieces (gained 12).
An ogre comes into view. It is wielding a +0 giant club.
The ogre shouts!
An ogre is nearby!
An ogre is nearby!
An ogre is nearby!
You barely miss the ogre. You headbutt the ogre.
The ogre is lightly wounded.
The ogre barely misses you.
An ogre is nearby!
You barely miss the ogre. You headbutt the ogre.
The ogre is lightly wounded.
The ogre hits you with a +0 giant club!!
An ogre is nearby!
You are too injured to fight recklessly!
An ogre is nearby!
You are too injured to fight recklessly!
An ogre is nearby!
You hit the ogre.
The ogre is moderately wounded.
You block the ogre's attack.
You hit the ogre but do no damage.
You headbutt the ogre, but do no damage.
The ogre is moderately wounded.
The ogre hits you with a +0 giant club!
You hit the ogre but do no damage. You headbutt the ogre!
The ogre is severely wounded.
The ogre hits you with a +0 giant club!!
You die...

########### .# #...
#.........##.# #.##
#.........##.# ####### ##.##
#.........##.# #.....# ##..##
#.........##.# #.....###..#..
#.........##.# #.....#...##.#
#.........##.###>......####.#
#....................### ..
#.........##@###.....######.<
#...........O# #............#
##.........#...##..........#..
#..###.######(..#.....†#####
#.####⌠## ##.#......).)#
#.###≈#.## #.........##)......
#.##§~.~.###..###....# #.....#
#.#..≈.~.≈#...###.#### .....#
#.#♣..~..^###.....# ....#


You could see an ogre.

Vanquished Creatures
  A water moccasin (D:4)
  Duvessa (D:4)
  2 necrophages
  Dowan (D:4)
  Terence (D:3)
  An iguana (D:5)
  An orc wizard (D:4)
  12 mummies (Ossuary)
  Robin (D:3)
  4 gnolls
  9 adders
  A worm (D:5)
  4 dart slugs
  3 orcs (D:4)
  6 ball pythons
  3 bats
  6 endoplasms
  6 hobgoblins
  6 jackals
  4 quokkas
  3 frilled lizards
  A gnoll skeleton (Ossuary)
  15 goblins
  3 goblin skeletons (Ossuary)
  6 kobolds
  3 kobold skeletons (Ossuary)
  An orc skeleton (Ossuary)
  3 rats
  11 rat skeletons (Ossuary)
119 creatures vanquished.

Notes
Turn   | Place    | Note
-------+----------+-------------------------------------------
     0 | D:1      | retardedninja the Minotaur Fighter began the quest for the
                  | Orb.
     0 | D:1      | Reached XP level 1. HP: 19/19 MP: 0/0
   172 | D:1      | Reached XP level 2. HP: 27/27 MP: 1/1
   267 | D:1      | Found a faded altar of an unknown god.
   489 | D:2      | Reached XP level 3. HP: 33/33 MP: 2/2
   692 | D:2      | Identified the +3 helmet of Ashenzari {rElec rC+ rCorr
                  | Int-3}
   704 | D:2      | Reached XP level 4. HP: 38/41 MP: 3/3
  2126 | D:3      | Found a sparkling altar of Nemelex Xobeh.
  2173 | D:3      | Reached XP level 5. HP: 44/47 MP: 4/4
  2175 | D:3      | Noticed Robin
  2181 | D:3      | Killed Robin
  2295 | D:3      | Noticed Terence
  2301 | D:3      | Killed Terence
  2402 | D:3      | You fall into a shaft and drop 2 floors!
  2402 | D:5      | Entered Level 5 of the Dungeon
  2440 | D:5      | Reached skill level 5 in Fighting
  2485 | D:5      | Found a sand-covered staircase.
  2497 | Ossuary  | Entered an ossuary
  2516 | Ossuary  | Reached skill level 5 in Armour
  2516 | Ossuary  | Reached skill level 5 in Shields
  2602 | Ossuary  | Reached XP level 6. HP: 47/56 MP: 5/5
  3026 | D:5      | Found a radiant altar of Vehumet.
  3088 | D:4      | Noticed Duvessa
  3089 | D:4      | Noticed Dowan
  3097 | D:4      | Killed Duvessa
  3099 | D:4      | Killed Dowan
  3100 | D:4      | Reached skill level 5 in Axes
  3100 | D:4      | Reached XP level 7. HP: 26/62 MP: 6/6
  4574 | D:4      | Found a shimmering altar of Xom.
  4588 | D:4      | Found a shimmering altar of Xom.
  4592 | D:4      | Found a shimmering altar of Xom.
  4636 | D:4      | Mangled by an ogre

Illustrated notes

Levels and vault maps discovered:
D:1:      minmay_arrival_jagged, layout_rooms,
          ebering_ecumenical_altar_sacrificial
D:2:      layout_rooms, minmay_misc_feat_ornament
D:3:      layout_basic, nemelex_altar_shiori, chequers_serial_rivers_small_b,
          amcnicky_mini_rare_corridor_liquid, chequers_serial_rivers_large_a,
          uniq_terence, uniq_robin
D:4:      layout_rooms, xom_redecorated, lemuel_round_altar, uniq_duvessa
D:5:      layout_loops_ring, mainiacjoe_overflow_alcove_2,
          nicolae_vehumet_altar_sigil, enter_ossuary_1, serial_co_window_serial,
          co_window_paths_b, co_window_corner_a, co_window_paths_a,
          co_window_paths_b, co_window_paths_a, co_window_paths_c,
          co_window_corner_b, co_window_paths_c, co_window_corner_cb,
          co_window_cross_4, co_window_2corner, glass_columns_a, uniq_menkaure

Skill      XL: |  1  2  3  4  5  6  7 |
---------------+----------------------+-----
Fighting       | 4 5 6 |  6.3
Armour         | 4 5 6 |  6.3
Axes           | 3 4 5 |  5.7
Shields        | 4 5 6 |  6.3

Action                   |  1- 3 |  4- 6 |  7- 9 || total
-------------------------+-------+-------+-------++-------
Melee: War axe           |    69 |   124 |    57 ||   250
       Headbutt          |     7 |    21 |     9 ||    37
  Use: Scroll            |       |     5 |     3 ||     8
       Potion            |       |     2 |     1 ||     3
Armor: Scale mail        |    28 |    31 |    19 ||    78
Dodge: Dodged            |    36 |    48 |    17 ||   101
Block: Buckler           |    21 |    17 |    13 ||    51
